 Dungeon Crawl Stone Soup version 0.27.1-33-g824d729ab1 (webtiles) character file.

Game seed: 12227597115357068301

201 adizb the Sneak (level 5, -13/31 HPs)
             Began as an Octopode Fire Elementalist on Nov 25, 2021.
             Mangled by an orc warrior (18 damage)
             ... on level 3 of the Dungeon on Nov 26, 2021.
             The game lasted 00:19:14 (2348 turns).

adizb the Sneak (Octopode Fire Elementalist)        Turns: 2348, Time: 00:19:15

Health: -13/31     AC:  1    Str:  8    XL:     5   Next: 79%
Magic:  9/9        EV: 13    Int: 24    God:
Gold:   134        SH:  0    Dex: 12    Spells: 5/9 levels left

rFire    . . .     SeeInvis .   a - staff of cold
rCold    + . .     Faith    .   (no shield)
rNeg     . . .     Spirit   .   (helmet restricted)
rPois    .         Reflect  .   (no amulet)
rElec    .         Harm     .   k - +6 ring of intelligence
rCorr    .         Rampage  .   (no ring)
Will     .....                  (no ring)
Stlth    +++.......             (no ring)
HPRegen  0.10/turn              (no ring)
MPRegen  0.11/turn              (no ring)
                                (no ring)
                                (no ring)

@: no status effects
A: almost no armour, amphibious, 8 rings, camouflage 1, gelatinous body 1,
(nimble swimmer 1), tentacles
a: no special abilities


You were on level 3 of the Dungeon.
You visited 1 branch of the dungeon, and saw 4 of its levels.

You collected 154 gold pieces.
You spent 20 gold pieces at shops.

Inventory:

Missiles
 n - 7 javelins
 o - 2 curare-tipped darts
Magical Staves
 a - a staff of cold (weapon)
 h - a staff of death
Jewellery
 k - a +6 ring of intelligence (left tentacle)
Wands
 p - a wand of acid (6)
Scrolls
 c - 2 scrolls of enchant weapon
 d - a scroll of vulnerability {unknown}
 e - a scroll of blinking {unknown}
 g - a scroll of silence {unknown}
 i - a scroll of holy word
 j - a scroll of teleportation {unknown}
 l - a scroll of fog {unknown}
 r - a scroll of identify
Potions
 b - 5 potions of curing
 f - a potion of resistance {unknown}
 m - a potion of flight {unknown}
 q - a potion of degeneration {unknown}


   Skills:
 + Level 0.3 Staves
 + Level 2.7 Dodging
 + Level 3.8 Stealth
 + Level 2.7 Spellcasting
 + Level 2.1 Conjurations
 + Level 3.5 Fire Magic
 + Level 2.0 Invocations
 + Level 2.0 Evocations


You had 5 spell levels left.
You knew the following spells:

 Your Spells              Type           Power      Damage    Failure   Level
a - Foxfire               Conj/Fire      68%        2x1d7     3%          1
b - Conjure Flame         Conj/Fire      17%        6-21      11%         3

Your spell library contained the following spells:

 Spells                   Type           Power      Damage    Failure   Level
 Inner Flame              Hex/Fire       11%        N/A       16%         3
 Call Canine Familiar     Summ           3%         N/A       32%         3
 Portal Projectile        Hex/Tloc       6%         N/A       32%         3
 Sticky Flame             Conj/Fire      17%        2d4       34%         4
 Fireball                 Conj/Fire      8%         3d6       67%         5
 Leda's Liquefaction      Hex/Erth       1%         N/A       73%         4


Dungeon Overview and Level Annotations

Branches:
Dungeon (4/15)
 Temple: D:4-7

Altars:
Uskayaw

Shops:
D:2 ?   D:3 :


Innate Abilities, Weirdness & Mutations

You cannot wear most types of armour.
You are amphibious.
You can wear up to eight rings at the same time.
Your skin changes colour to match your surroundings (Stealth+).
Your rubbery body absorbs attacks. (AC +1, EV +1)
((You are camouflaged near water. (Stealth+)))
You have tentacles for arms and can constrict up to eight enemies at once.


Message History

The centaur skeleton closely misses you.
The centaur skeleton closely misses you.
The centaur skeleton kicks you.
The centaur skeleton closely misses you.
The centaur skeleton kicks you but does no damage.
Casting: Foxfire (safe; 3% risk of failure)
Press: ? - help, Q - select action, (/) - cycle Dir - look around, f - activate
Okay, then.
The centaur skeleton hits you but does no damage.
The centaur skeleton barely misses you.
There is a stone staircase leading up here.
The centaur skeleton hits you. The centaur skeleton barely misses you.
You climb upwards.
There is a stone staircase leading down here.
Unknown command.
Welcome back, adizb the Octopode Fire Elementalist.
Press ? for a list of commands and other information.
There is a stone staircase leading down here.
You climb downwards.
The centaur skeleton misses you. The centaur skeleton kicks you.
The orc warrior hits you with a +0 mace!
* * * LOW HITPOINT WARNING * * *
The centaur skeleton closely misses you.
The centaur skeleton kicks you.
* * * LOW HITPOINT WARNING * * *
There is a stone staircase leading up, spattered with blood here.
The centaur skeleton barely misses you. The centaur skeleton kicks you.
* * * LOW HITPOINT WARNING * * *
The orc warrior hits you with a +0 mace.
* * * LOW HITPOINT WARNING * * *
You climb upwards.
There is a stone staircase leading down here.
Okay, then.
You have 6 tentacles available for constriction.
Your movement speed is average.
Your attack delay is about 1.1.
Your base attributes are Str 8, Int 18, Dex 12.
There is an open door here.
The orc warrior hits you with a +0 mace!!
Ouch! That really hurt!
You die...

...........# #.#....###.#......
...........# #.#....# #.#......
...........# #.##.#####........
...........# #.##.# ..##.##.###
.........(.# #.##.#...##.##.# #
...........# #.##.#...##..#.###
################.##..........<...
#................##...###
#####.....÷.@........##...#
#####...#........o.......##...###
....#...#................###.....
....†...#................# #..###
....#.###................####.###
....#.# ########.........'.......
....#.##### #####.....#......#
....#.....# #######<...>..
....#####.####### ###......#


You could see an orc warrior.

Vanquished Creatures
  An orc priest (D:4)
  4 gnolls (D:2)
  7 adders
  A worm (D:2)
  A dart slug (D:2)
  3 orcs
  6 endoplasms
  3 giant cockroaches
  2 goblins
  3 hobgoblins
  5 jackals
  2 quokkas (D:1)
  3 ball pythons
  7 bats
  3 frilled lizards
  6 kobolds
  8 rats
65 creatures vanquished.

Vanquished Creatures (others)
  167 foxfires
167 creatures vanquished.

Grand Total: 232 creatures vanquished

Notes
Turn   | Place    | Note
-------+----------+-------------------------------------------
     0 | D:1      | adizb the Octopode Fire Elementalist began the quest for
                  | the Orb.
     0 | D:1      | Reached XP level 1. HP: 11/11 MP: 3/3
   204 | D:1      | Reached XP level 2. HP: 14/17 MP: 0/5
   697 | D:2      | Reached XP level 3. HP: 21/21 MP: 1/6
   701 | D:2      | Found a hide-covered altar of Uskayaw.
   706 | D:2      | Reached skill level 1 in Invocations
   750 | D:2      | Reached skill level 1 in Evocations
   819 | D:2      | Found Miyfy's Magic Scroll Boutique.
   826 | D:2      | Bought a scroll of identify for 20 gold pieces
  1008 | D:2      | Reached XP level 4. HP: 25/27 MP: 3/7
  1391 | D:2      | Found a faded altar of an unknown god.
  1412 | D:2      | Reached XP level 5. HP: 31/31 MP: 5/8
  1666 | D:3      | Learned a level 3 spell: Conjure Flame
  1925 | D:3      | Found Adghebuss's Book Shop.
  2113 | D:4      | Identified the +4 rapier of Hocymn {vorpal, rElec rF+ rCorr
                  | Int-2 Dex+3}
  2259 | D:4      | Identified the +1 cloak of Bacou {rElec}
  2261 | D:4      | Noticed a necrophage
  2292 | D:4      | Noticed an orc warrior
  2348 | D:3      | Mangled by an orc warrior

Illustrated notes

Levels and vault maps discovered:
D:1:      lightli_arrival_isolated_outpost, layout_loops_ring,
          hangedman_abyss_or_decor_lesser_grid
D:2:      layout_loops_ring, basic_altar, basic_ecumenical_altar, serial_shops,
          shop, minmay_octomino_e4
D:3:      layout_basic, serial_shops, shop, corexii_leaking_fountain
D:4:      layout_loops_cross, makhleb_heckhound_becter, uniq_menkaure

Skill      XL: |  1  2  3  4  5 |
---------------+----------------+-----
Stealth        | 3 |  3.8
Invocations    | 1 2 |  2.0
Evocations     | 1 2 |  2.0
Conjurations   | 2 |  2.1
Staves         | |  0.3
Dodging        | |  2.7
Spellcasting   | |  2.7
Fire Magic     | |  3.5

Action                   |  1- 3 |  4- 6 || total
-------------------------+-------+-------++-------
Melee: Staff             |    14 |    10 ||    24
       Constrict         |     4 |       ||     4
       Tentacles         |     1 |     2 ||     3
 Cast: Foxfire           |    42 |    55 ||    97
       Conjure Flame     |       |     1 ||     1
  Use: Scroll            |     2 |     2 ||     4
 Stab: Sleeping          |       |     1 ||     1
Armor: Skin              |     1 |     2 ||     3
Dodge: Dodged            |    19 |    23 ||    42
